 Dungeon Sprint DCSS version 0.21.1-1-g345015f (webtiles) character file.

3300000 equalderp2856 the Intangible (level 18, -15/127 HPs)
             Began as a Spriggan Gladiator on May 3, 2018.
             Demolished by a meat berserker
             ... wielding a +9 battleaxe
              (45 damage)
             ... in the Dungeon (Sprint VIII: "Arena of Blood").
             The game lasted 00:01:13 (33 turns).

equalderp2856 the Intangible (Spriggan Gladiator)     Turns: 33, Time: 00:01:13

Health: -15/127    AC:  2    Str: 10    XL:     18   Next: 36%
Magic:  20/32      EV: 40    Int: 17    God:
Gold:   0          SH:  0    Dex: 18    Spells: 35/35 levels left

rFire    . . .     SeeInvis +   l - +∞ Axe of Woe
rCold    . . .     Gourm    .   (shield currently unavailable)
rNeg     . . .     Faith    .   b - +0 robe
rPois    .         Spirit   .   c - +0 hat
rElec    .         Reflect  .   (no cloak)
rCorr    .         Harm     .   (gloves unavailable)
MR       +++..     NoTele   +   (boots unavailable)
Stlth    +++++.....             (no amulet)
HPRegen  0.31/turn              (no ring)
MPRegen  0.23/turn              (no ring)

@: very slightly contaminated, very quick
A: very small, unfitting armour, see invisible, herbivore, speed 3, slow
metabolism 2
a: no special abilities


You were in the Dungeon.
You were not hungry.

You visited 1 branch

Inventory:

Hand Weapons
 a - a +0 war axe
 l - the +∞ Axe of Woe (weapon)
   (You found it in the Dungeon)
Missiles
 d - 3 throwing nets (quivered)
Armour
 b - a +0 robe (worn)
 c - a +0 hat (worn)
Potions
 e - a potion of curing
 g - a potion of heal wounds
 h - a potion of haste
 i - 2 potions of magic
 j - a potion of berserk rage
Comestibles
 f - a ration


   Skills:
 O Level 27 Fighting
 O Level 27 Axes
 O Level 27 Throwing
 + Level 5.9 Armour
 O Level 27 Dodging
 + Level 11.9 Stealth
 + Level 6.5 Unarmed Combat
 + Level 9.4 Spellcasting


You had 35 spell levels left.
You didn't know any spells.

Dungeon Overview and Level Annotations

Branches:
Dungeon (1/1)

Altars:
Makhleb

Annotations:
D The Servant


Innate Abilities, Weirdness & Mutations

You are very small and have problems with some larger weapons.
You are too small for most types of armour.
You have supernaturally acute eyesight. (SInv)
You are a herbivore.
You cover ground extremely quickly.
You need consume almost no food.


Message History

The large bag of meat appears out of thin air!
A large bag of meat comes into view. It is wielding a +9 giant spiked club.
You hear a shout! x3
A bag of meat comes into view. It is wielding a +9 war axe.
Unknown command. 3 orcs come into view.
The bag of meat shouts!
You hear a shout! x4 2 orcs come into view. 2 orcs, an ogre, a vampire knight and Harold come into view.
The destroyer is wielding a +9 great sword of slicing.
The Servant is wielding a +9 glaive of flaming.
The bag of meat shouts!
The Servant shouts!
You hear a shout! x9
The destroyer blinks!
You hear a shout! x5
The destroyer blinks!
A bag of meat comes into view.
It is wielding a +9 war axe. 3 orcs and 2 vampire knights come into view.
A destroyer is wielding a +9 great sword of slicing.
A destroyer is wielding a +9 great sword of slicing.
The bag of meat shouts!
The destroyer shouts!
You hear a shout!
The meat berserker hits you with a +9 battleaxe!!!
You die... ...#O......#.. .............. o. .............. o§V ...)..........#.. oo.V ..).........##.. #o.Oo

..#........#... #.o..#
.........§.#...###o.o.#
.##.#...@......V..Vo#.oo
.........o.O....@...oo..
#...)#..oo.####.O.......
..)....Oo.o..#.O.....###
......o)oO.o......####
.......)..o....####
################


You could see 4 destroyers, 2 large bags of meat, 2 meat berserkers and 16 bags
of meat.

Vanquished Creatures
  4 ogres (D)
  9 orcs (D)
13 creatures vanquished.

Notes
Turn   | Place    | Note
-------+----------+-------------------------------------------
     0 | D        | Found the +∞ Axe of Woe
     0 | D        | equalderp2856 the Spriggan Gladiator began the quest for the Orb.
     0 | D        | Reached XP level 1. HP: 10/10 MP: 2/2
     3 | D        | Noticed a bag of meat
     3 | D        | Noticed a meat berserker
     5 | D        | Noticed a bag of meat
     7 | D        | Noticed a bag of meat
     7 | D        | Noticed a bag of meat
     7 | D        | Noticed a meat berserker
     8 | D        | Noticed a bag of meat
     8 | D        | Noticed a bag of meat
     8 | D        | Noticed a bag of meat
     8 | D        | Noticed a bag of meat
     8 | D        | Noticed a bag of meat
     8 | D        | Noticed a bag of meat
    10 | D        | Noticed a bag of meat
    10 | D        | Noticed a bag of meat
    12 | D        | Noticed a meat berserker
    12 | D        | Noticed a meat berserker
    13 | D        | Noticed a bag of meat
    13 | D        | Killed a meat berserker
    13 | D        | Reached skill level 10 in Fighting
    13 | D        | Reached XP level 2. HP: 24/24 MP: 3/3
    13 | D        | Reached XP level 3. HP: 28/28 MP: 4/4
    13 | D        | Reached XP level 4. HP: 32/32 MP: 5/5
    13 | D        | Reached XP level 5. HP: 37/37 MP: 6/6
    13 | D        | Reached XP level 6. HP: 42/42 MP: 7/7
    13 | D        | Reached XP level 7. HP: 46/46 MP: 8/8
    13 | D        | Reached XP level 8. HP: 50/50 MP: 9/9
    13 | D        | Reached XP level 9. HP: 54/54 MP: 10/10
    13 | D        | Reached XP level 10. HP: 59/59 MP: 11/11
    13 | D        | Reached XP level 11. HP: 63/63 MP: 12/12
    13 | D        | Reached XP level 12. HP: 67/67 MP: 13/13
    13 | D        | Reached XP level 13. HP: 72/72 MP: 14/14
    13 | D        | Killed a bag of meat
    13 | D        | Reached skill level 27 in Dodging
    14 | D        | Noticed a bag of meat
    14 | D        | Noticed a large bag of meat
    14 | D        | Noticed a bag of meat
    15 | D        | Killed a meat berserker
    15 | D        | Reached skill level 15 in Throwing
    15 | D        | Reached XP level 14. HP: 83/83 MP: 15/15
    15 | D        | Killed a bag of meat
    15 | D        | Reached XP level 15. HP: 88/88 MP: 16/16
    17 | D        | Noticed a large bag of meat
    21 | D        | Reached skill level 15 in Fighting
    22 | D        | Reached skill level 27 in Axes
    22 | D        | Reached XP level 16. HP: 100/100 MP: 17/17
    22 | D        | Killed a meat berserker
    23 | D        | Reached XP level 17. HP: 112/112 MP: 18/18
    25 | D        | Killed a meat berserker
    25 | D        | Reached skill level 27 in Fighting
    25 | D        | Reached skill level 27 in Throwing
    25 | D        | Reached XP level 18. HP: 127/127 MP: 19/19
    25 | D        | Reached skill level 5 in Armour
    26 | D        | Noticed a large bag of meat
    28 | D        | Noticed a destroyer
    29 | D        | Noticed a meat berserker
    31 | D        | Noticed a large bag of meat
    32 | D        | Noticed a destroyer
    32 | D        | Noticed a meat berserker
    32 | D        | Noticed The Servant
    33 | D        | Noticed a destroyer
    33 | D        | Noticed a destroyer
    33 | D        | Demolished by a meat berserker

Skill      XL: |  1  2  3  4  5  6  7  8  9 10 11 12 13 14 15 16 17 18 |
---------------+-------------------------------------------------------+-----
Fighting       | 10 13 14 17 22 27 | 27.0
Axes           | 17 23 24 27 | 27.0
Throwing       | 11 15 19 23 27 | 27.0
Dodging        | 26 27 | 27.0
Armour         | 5 |  5.9
Stealth        | 11 | 11.9
Unarmed Combat | 6 |  6.5
Spellcasting   | 9 |  9.4

Action                   |  1- 3 |  4- 6 |  7- 9 | 10-12 | 13-15 | 16-18 || total
-------------------------+-------+-------+-------+-------+-------+-------++-------
Melee: Broad axe         |     1 |       |       |       |     3 |     2 ||     6
  Use: Scroll            |       |       |       |       |     1 |       ||     1
Dodge: Dodged            |       |       |       |       |       |     1 ||     1
